[Event "Bangabandhu Premier Div League 2022"]
[Site "Dhaka"]
[Date "2022.12.04"]
[Round "5.4"]
[White "Jamal Uddin"]
[Black "Chowdhury, Sohel"]
[Result "1/2-1/2"]
[ECO "D30"]
[WhiteElo "2092"]
[BlackElo "2004"]
[Annotator "TA"]
[PlyCount "184"]
[EventDate "2022.12.01"]
[EventCountry "BAN"]
[SourceTitle "playchess.com"]
[Source "ChessBase"]
[SourceQuality "1"]
[TimeControl "40/5400+30:1800+30"]

1. Nf3 d5 2. d4 c6 3. c4 Nf6 4. e3 e6 5. Qc2 Nbd7 6. b3 {D30: Queen's Gambit Declined: Systems without Nc3.} Bd6 7. Bb2 Ne4 8. Bd3 {[%emt 0:00:00] White is slightly better.} f5 9. O-O O-O 10. Nbd2 Qf6 11. a4 {[%emt 0:00:00] [#]} (11. Be2 {seems wilder.} b6 12. c5 Nxd2 13. cxd6 Nxf1 14. Qxc6 Nxe3 15. Qxa8 Ba6 16. Qxa7 Bxe2 17. fxe3 Bxf3 18. gxf3 Rf7 19. Qa8+) 11... a5 $146 (11... g5 {is interesting.} 12. Be2 g4 13. Nxe4 fxe4 14. Ne5 Nxe5 15. dxe5 Bxe5 16. Bxe5 Qxe5 17. Bxg4 Rf7) ({Predecessor:} 11... g5 12. Ba3 Bxa3 13. Rxa3 g4 14. Ne1 Qe7 15. Ra2 Ndf6 16. Be2 a5 17. Nd3 Nxd2 18. Qxd2 {1-0 (39) Anwesh,U (2366)-Paszewski,M (2157) Lvov 2014}) 12. Ba3 (12. Be2 {seems wilder.} Qh6 13. g3 Qh3 14. Ba3) 12... Bxa3 13. Rxa3 g5 14. Ne1 g4 15. f3 {[%emt 0:00:00] [#] Inhibits e5.} gxf3 (15... Qh6 $1 {deserves consideration.} 16. f4 (16. fxe4 Qxe3+ 17. Kh1 fxe4 $11) 16... b6) 16. Rxf3 Qe7 17. Ra1 Ndf6 18. Nf1 (18. Be2 {is more complex.} Ng4 19. h3 Ngf6 20. Nd3) 18... Bd7 (18... b6 {is interesting.} 19. Qe2 Ng4 20. Ng3 Qh4) 19. Rd1 Be8 20. Ng3 Bg6 (20... Rd8 {looks sharper.} 21. Rc1 Ng4 22. h3 Ngf6) 21. Nf1 $2 (21. Be2 $11) 21... Be8 $2 (21... Bh5 $19 22. Kh1 Qg7) 22. Ng3 $11 Bg6 23. Rc1 Ng4 {[%emt 0:00:00][%cal Og4h2] White must now prevent ...Nxh2!} 24. h3 (24. Nf1 $1 $11) 24... Qh4 25. Nf1 Ngf6 26. Rf4 Qh6 27. Nf3 Nh5 28. Rh4 Qg7 29. Qe2 Qe7 (29... Nhf6 {feels hotter.} 30. Ne5 Be8 31. Qe1 Kh8) 30. Qe1 Nhf6 (30... c5 $11 {is more appropriate.}) 31. Ne5 Nd7 32. Nxd7 Qxd7 33. Nh2 (33. cxd5 {simplifies} exd5 34. Bxe4 fxe4 35. Ng3) 33... Qc7 (33... Ng5 $14) 34. Nf3 $16 Rf7 (34... Nf6 $14) 35. Rc2 (35. Ne5 $16) 35... Rg7 $14 36. Bxe4 dxe4 37. Ne5 c5 38. Rf4 cxd4 39. exd4 Qe7 40. Qe2 Rd8 41. Qe3 Qa3 42. Rd2 (42. Rf1 {with more complications.} Bh5 43. g4 Qd6 44. Rg2) 42... Qe7 43. c5 {[%emt 0:01:16] White is more active.} Be8 44. Nc4 (44. d5 {seems wilder.} Qg5 45. d6 Bc6 46. Kh2) 44... Qc7 (44... h5 $11) 45. Rdf2 (45. g4 $16) 45... Bc6 46. Qc3 Ra8 47. Nd6 Bd5 48. g4 Rd8 (48... h5 $5 ) 49. Qe3 Rxd6 $2 (49... Kh8 $11 {and Black is okay.}) 50. cxd6 $18 Qxd6 51. Rg2 $1 Qd7 (51... Qf8 $142 52. gxf5 exf5 53. Rxg7+ Qxg7+ 54. Kh2 Qg6) 52. gxf5 exf5 53. Rff2 Kh8 (53... Rg6 54. h4 Bf7) 54. Rxg7 Qxg7+ {[%emt 0:00:00][%mdl 4096] Endgame KQR-KQB} 55. Rg2 Qf6 56. Qf4 h6 (56... Qxd4+ $2 57. Kh2 $18) 57. Kh2 Kh7 {[%emt 0:00:14] [#]} 58. Rf2 (58. Qc7+ $1 $18 {and the rest is easy.} Kh8 59. Qc8+ (59. Qxa5 Qd6+ 60. Kg1 Kh7 $18) 59... Kh7 60. Qd7+ Qf7 61. Qxf7+ Bxf7 62. Kg3) 58... Kg6 $16 59. h4 Be6 {[%emt 0:00:45] Against h5+} 60. d5 (60. h5+ $16 Kf7 61. Rd2) 60... Bd7 $2 (60... Bxd5 $11 {and Black stays safe.} 61. h5+ Kf7) 61. Rg2+ $18 Kh7 $2 (61... Kh5 62. Kh1 Qa1+ 63. Rg1 Qf6) 62. h5 Be8 63. Rf2 Bd7 64. Qxe4 Qd6+ 65. Qf4 Qxd5 66. Rd2 Qf7 67. Qh4 $2 (67. Kg1 $18) 67... Bc6 {[%emt 0:00:22] [#]} (67... Be6 $1 $11) 68. Rd6 (68. Kg1 $1 $16 ) 68... Be4 (68... Qe8 $11 {keeps the balance.} 69. Rd2 Qe3) 69. Rd2 (69. Rg6 $16 {Strongly threatening Qf4.} Qc7+ 70. Kh3 (70. Qg3 $2 f4 $19)) 69... Bf3 (69... Bc6 $11) 70. Rf2 (70. Kg1 $16) 70... Bxh5 71. Qc4 Qf6 72. Qc7+ {[%emt 0:01:36][%mdl 1024] White has compensation.} Kg6 (72... Bf7 $11 {remains equal.}) 73. Qg3+ (73. Qxa5 $16 {And now Qd2 would win.} Qd6+ 74. Kg1) 73... Bg4 $11 74. Rd2 {[%emt 0:00:17] aiming for Rd6.} Kh5 75. Qd6 Qh4+ 76. Kg1 Qe1+ 77. Kg2 Qe4+ 78. Kh2 Qf3 79. Qg3 Qf1 ({Black should try} 79... Kg5 $11) 80. Qf2 ({Better is} 80. Qe3 $1 $14) 80... Qh3+ {[%emt 0:00:17] The position is equal.} 81. Kg1 Qxb3 82. Qf4 Qb1+ 83. Kf2 Qb6+ 84. Kg2 Qc6+ 85. Kg1 {[%emt 0:00:36] Threatens to win with Rh2+.} Qb6+ 86. Kh2 Qf6 87. Rd6 Qg5 88. Qe5 Qh4+ 89. Kg1 {[%emt 0:00:07] White wants to mate with Qe8+.} Qg5 90. Qe8+ Kh4 {[%emt 0:00:18] ( -> ...Bh5+)} 91. Qe1+ Kh5 {[%emt 0:00:04] ...Bh3+ is the strong threat.} 92. Qe8+ Kh4 {[%emt 0:00:08] Black defended with fortune.   Weighted Error Value: White=0.26 (precise) /Black=0.35} 1/2-1/2

[Event "Bangabandhu Premier Div League 2022"]
[Site "Dhaka"]
[Date "2022.12.04"]
[Round "5.5"]
[White "Murshed, Niaz"]
[Black "Hossain, Enamul"]
[Result "0-1"]
[ECO "A38"]
[WhiteElo "2419"]
[BlackElo "2392"]
[Annotator "TA"]
[PlyCount "120"]
[EventDate "2022.11.30"]
[EventType "team-tourn"]
[EventCountry "BAN"]
[SourceTitle "playchess.com"]
[Source "ChessBase"]
[SourceQuality "1"]
[TimeControl "40/5400+30:1800+30"]

1. Nf3 Nf6 2. g3 g6 3. b3 Bg7 4. Bb2 c5 5. Bg2 d6 6. O-O e5 7. c4 Nc6 8. Nc3 O-O 9. d3 h6 10. Nd2 Be6 {[%emt 0:00:54] A38: Symmetrical English vs ...g6: 4 Bg2 Bg7 5 Nf3 Nf6.} 11. Nde4 Ne8 12. Nd5 Ne7 {[%emt 0:05:52] The position is equal.} 13. Nec3 Nxd5 14. Nxd5 Nc7 {[%emt 0:02:20] [#]} 15. Ne3 $146 ({Predecessor:} 15. Nc3 Rb8 16. e3 d5 17. Qc2 d4 18. exd4 exd4 19. Ne4 b6 20. Rae1 f5 21. Nd2 {1-0 (76) Maghsoodloo,P (2649)-Hakobyan,A (2554) Manavgat 2018}) 15... Rb8 16. Qd2 b6 17. f4 f5 18. Nd5 Bxd5 19. cxd5 exf4 20. gxf4 Qe7 21. Bxg7 Qxg7 22. Kh1 Rbe8 23. Rae1 Kh7 (23... Nb5 $5 ) 24. e3 Qf6 25. Bf3 Re7 26. Rg1 Rfe8 27. a4 (27. Re2 $11) 27... b5 (27... Na6 $1 $17) 28. e4 $11 bxa4 29. bxa4 Rb8 (29... Na6 $11) 30. exf5 (30. e5 $14 Qf8 31. Rg3 (31. exd6 Rxe1 32. Qxe1 Qxd6 $14) (31. Qg2 Rg7 $11)) 30... gxf5 31. Rxe7+ Qxe7 32. Qg2 {[%emt 0:00:50] White wants to mate with Qg6+.} Qf7 {[%emt 0:02:38] Against Qg6+} 33. Bh5 Qxd5 34. Bg6+ ({White has to play} 34. Bf3 $15 Qg8 35. Qh3) 34... Kh8 35. Bxf5 Qxg2+ (35... Rb2 $1 $17 36. Qe4 Rb4 37. Qxd5 Nxd5) 36. Rxg2 $17 {[%emt 0:00:53][%mdl 4096] Endgame KRB-KRN} (36. Kxg2 $15 Rg8+ 37. Kf2) 36... Rb1+ (36... Nd5 $142 $1 37. Rg1 Rf8) 37. Rg1 Rxg1+ 38. Kxg1 {[%emt 0:00:07] KB-KN} Nd5 39. Kf2 Nxf4 40. Kf3 Nd5 41. a5 (41. Be6 $15 Nc3 42. a5) 41... Kg7 {[%emt 0:39:03] Hoping for ...Kf6.} 42. Be6 Nc3 ({Black should try} 42... Nb4 $1 {[%cal Og7f6] ...Kf6! is the strong threat.} 43. Ke4 Kf6) 43. Bc4 $2 (43. Kf4 $17) 43... Kf6 $19 44. Kg4 Nd1 {[%emt 0:00:00] White must now prevent ...Ne3+.} 45. Kf4 {[%emt 0:00:00] Prevents Ne3.} Nc3 $2 (45... Nb2 $1 $19 {[%cal Rb2c4] aiming for ...Nxc4.} 46. Bb5 Ke6) 46. h4 $2 (46. Kg4 $1 $11 {and White stays safe.}) 46... Kg6 $2 ({Better is} 46... d5 $19 47. Bb3 Ke6) 47. Kg4 $15 Ne2 48. Kf3 $1 Nc3 49. Kg4 $1 d5 50. Bb3 {[%emt 0:00:00] [#]} d4 (50... a6 $1 $17 51. Bc2 Kf6) 51. Kf4 $11 Kf6 52. a6 Nb1 53. Ba2 Nd2 54. h5 Nf1 55. Bg8 Ne3 {[%emt 0:00:40] Strongly threatening ...Nf5.} 56. Bb3 Nf5 (56... Ke7 $5 ) 57. Ke4 $2 {[%emt 0:01:23][%mdl 8192] [#]} (57. Bd1 $11) 57... Ng3+ $1 $19 58. Kd5 Nxh5 59. Kxc5 Ke5 60. Kc6 Nf4 {[%emt 0:00:12] Weighted Error Value: White=0.66/Black=0.35} 0-1

[Event "Bangabandhu Premier Div League 2022"]
[Site "Dhaka"]
[Date "2022.12.04"]
[Round "5.5"]
[White "Mohammad, Shameem"]
[Black "Anata, Choudhury"]
[Result "1/2-1/2"]
[ECO "E02"]
[WhiteElo "1892"]
[BlackElo "2176"]
[Annotator "TA"]
[PlyCount "99"]
[EventDate "2022.12.01"]
[EventCountry "BAN"]
[SourceTitle "playchess.com"]
[Source "ChessBase"]
[SourceQuality "1"]
[TimeControl "40/5400+30:1800+30"]

1. d4 Nf6 2. c4 e6 3. Nf3 d5 4. g3 dxc4 5. Qa4+ Nbd7 6. Bg2 a6 7. Nc3 Rb8 8. Qxc4 b5 9. Qd3 Bb7 10. O-O c5 11. Bf4 Rc8 12. dxc5 Bxc5 13. Rfd1 {[%emt 0:01:30] E02: Open Catalan: 5 Qa4+.} Qb6 14. e3 O-O {[%emt 0:00:00] [#]} 15. Bd6 $146 (15. a4 $11 {is more appropriate.}) ({Predecessor:} 15. Rac1 Rfd8 16. Bd6 Bxf3 17. Bxf3 Ne5 18. Bxc5 Nxf3+ 19. Kh1 Qc7 20. Qe2 Ng5 21. b4 Qb7+ 22. e4 Rxd1+ 23. Nxd1 Nfxe4 24. f3 Nxc5 25. Rxc5 Rxc5 26. bxc5 Nxf3 27. Qg2 Qe4 {0-1 (27) Isik,A (2211)-Koksal,E (2390) Konya 2017}) 15... Rfd8 $15 16. Bxc5 Nxc5 17. Qf1 b4 18. Ne2 Nd3 19. Rd2 {[%emt 0:03:00] [#]} (19. Rxd3 $17 {keeps fighting.} Rxd3 20. Ned4) 19... Bxf3 $2 ({Not} 19... Ne4 20. Rxd3 Rxd3 21. Ned4 $11) (19... Nxf2 $1 $19 20. Rxd8+ (20. Qxf2 $2 {perishes.} Ng4 $19) 20... Rxd8 21. Kxf2 (21. Qxf2 $2 Ne4 $19) 21... Ng4+ 22. Kg1 Qxe3+ 23. Kh1 Nf2+ 24. Kg1 Ne4+ 25. Kh1 e5) 20. Bxf3 $11 Ne5 {[%emt 0:00:00] Pair of Knights!} 21. Rxd8+ Rxd8 22. Qg2 (22. Bg2 $11 {keeps the balance.}) 22... Rd2 $17 23. Rb1 g5 (23... b3 $19 24. a4 Nd3) 24. h3 (24. Nd4 $17) 24... Qb5 25. Nd4 Qc4 (25... Qd3 $17 26. Qf1 g4 27. Qxd3 Nxd3) 26. Nb3 $36 {[%emt 0:00:00][%mdl 2048] Black is under pressure.} Rc2 (26... Rd7 $11) 27. Bd1 $18 Nd3 28. Bxc2 Qxc2 29. Rf1 Qxb2 30. Qa8+ Kg7 31. Qxa6 Ne5 (31... Qc3 $142 32. Nd4 Nc5) 32. Nd4 h6 33. Qe2 Qa3 34. Qc2 Nd5 35. Qb3 Qa8 36. Qb2 Kg8 37. e4 (37. Ra1 $18 {is more deadly.}) 37... Nf6 (37... Nc3 $16 38. Qxb4 Nxa2) 38. Qxb4 Qxe4 {[%emt 0:01:00] [#] White must now prevent ...Nf3+.} 39. Qc3 {[%emt 0:01:30] Inhibits Nf3+.} ({White has to play} 39. Qb8+ $1 $18 Kg7 40. Rd1) 39... Qxd4 $1 $11 {[%emt 0:00:00][%mdl 64] Remove Defender, Decoy} 40. Qxd4 Nf3+ 41. Kg2 Nxd4 42. a4 Nb3 {[%emt 0:01:08] Prevents a5.} 43. Rb1 Nc5 44. a5 Nfd7 {[%emt 0:00:00] [#] Inhibits Rb6.} (44... Nd5 $11) 45. Rd1 $1 $16 {[%emt 0:02:19] White is better.} Ne5 46. Rd6 Kf8 47. a6 Nxa6 48. Rxa6 Ke7 49. f4 gxf4 50. gxf4 {[%emt 0:00:00] Black defended with fortune.   Weighted Error Value: White=0.31/Black=0.39} 1/2-1/2

[Event "Bangabandhu Premier Div League 2022"]
[Site "Dhaka"]
[Date "2022.12.04"]
[Round "5.6"]
[White "Koustav Chatterjee"]
[Black "Habibur Rahman, Sohel"]
[Result "1-0"]
[ECO "B31"]
[WhiteElo "2496"]
[BlackElo "1871"]
[Annotator "TA"]
[PlyCount "63"]
[EventDate "2022.12.01"]
[EventCountry "BAN"]
[SourceTitle "playchess.com"]
[Source "ChessBase"]
[SourceQuality "1"]
[TimeControl "40/5400+30:1800+30"]

1. e4 c5 2. Nf3 Nc6 3. Bb5 g6 4. O-O Bg7 5. c3 d6 6. d4 cxd4 7. cxd4 {[%emt 0:00:00] And now d5 would win.} a6 {[%emt 0:03:23] B31: Sicilian: 2...Nc6 3 Bb5 g6.} 8. Ba4 {[%emt 0:01:00] Strongly threatening d5.} b5 {[%emt 1:23:43] Inhibits d5.} 9. Bb3 Bb7 {[%emt 0:00:00] [#]} (9... Nf6 $11 {remains equal.}) 10. Nc3 (10. Bxf7+ $1 $16 Kxf7 11. d5) 10... Nf6 $11 11. e5 dxe5 12. dxe5 {[%emt 0:00:30] [#]} Ng4 $146 {[%emt 0:00:00] [#]} (12... Qxd1 $1 $14 13. Rxd1 Ng4) ({Predecessor:} 12... Qxd1 13. Rxd1 Ng4 14. e6 f6 15. Rd7 Bc8 16. Rc7 Nce5 17. Nxe5 Nxe5 18. Nd5 O-O 19. Nxe7+ {1-0 (65) Hartewig,A (1202)-Schlemmer,E (1101) Sebnitz 2009}) 13. Bxf7+ $1 $16 Kxf7 14. Ng5+ {[%emt 0:00:00][%cal Bf3g5,Bg5h3,Bh3g5,Bg5e6][%mdl 96] Discovered Attack} Ke8 15. Qxg4 {[%emt 0:01:00] Ne6 is the strong threat.} Nxe5 16. Qg3 {[%emt 0:00:30] Black must now prevent Ne6.} Qd3 17. Be3 (17. Ne6 $16 Bf6 18. Nc7+ Kf7 19. Nxa8 Bxa8 20. Be3) 17... Qf5 $1 $11 18. Rad1 {[%emt 0:00:30] aiming for Rfe1.} (18. Ne2 $5 Bf6 19. Rad1 $14) 18... h6 19. Nh3 (19. f4 $2 Nc4 20. Bd4 Bxd4+ 21. Rxd4 hxg5 $19) 19... Kf7 20. Bd4 (20. Ne2 $11) 20... Rad8 $15 {[%emt 0:00:30][%cal Oe5f3] Hoping for ...Nf3+!} 21. Ne2 {[%emt 0:00:00] [#]} ({White should try} 21. Kh1 $1 $15) 21... Rd6 (21... Bxg2 $1 $17 22. Kxg2 Qe4+ 23. f3 Qxe2+ 24. Qf2 Qxf2+ 25. Nxf2 g5 26. Bxe5 Bxe5) 22. f4 $1 $11 (22. Nhf4 Rhd8 23. Qb3+ Nc4 24. Bxg7 Kxg7 25. Qc3+ (25. Rxd6 Rxd6 26. Qc3+ Kg8 $17) 25... Kg8 $17) 22... Nc4 {[%emt 0:00:00][%cal Oh8d8] [#] Threatens to win with ...Rhd8!} (22... Nf3+ $5 23. gxf3 Rhd8 $11) 23. Ng5+ $1 Kg8 $1 $132 {[%emt 0:00:00][%mdl 2048] Black is not keeping still} ({Don't play} 23... hxg5 24. fxg5 Be4 25. b3 $16 (25. Rxf5+ gxf5 26. b3 Be5 $18) (25. Rxf5+ gxf5 26. b3 Nb6 $18)) 24. Bxg7 Kxg7 25. Rxd6 {[%emt 0:01:00] The board is on fire.} Nxd6 ({Don't take} 25... exd6 26. Nd4 Qf6 27. Nge6+ Kh7 28. f5 $16) 26. Nd4 Qd5 (26... Qf6 $11 27. Nge6+ Kh7) 27. Nge6+ $16 {[%emt 0:00:30] Pair of Knights!} Kh7 {[%emt 0:03:00] [#]} 28. f5 $1 {[%emt 0:00:00][%csl Gf5][%cal Rg3g6] White is more active.} g5 29. h4 Nf7 (29... Ne4 {is a better chance.} 30. Qc7 Re8) 30. f6 $18 ({Much less strong is} 30. hxg5 Nxg5 31. Nxg5+ hxg5 $18) 30... exf6 (30... Re8 $142 31. hxg5 Qxg2+ 32. Qxg2 Bxg2) 31. Rxf6 {[%emt 0:01:00] Threatening mate with hxg5.} Kg8 32. Rg6+ {[%emt 0:00:00] Weighted Error Value: White=0.18 (very precise) /Black=0.61} 1-0

[Event "Bangabandhu Premier Div League 2022"]
[Site "Dhaka"]
[Date "2022.12.04"]
[Round "5.6"]
[White "Mohammad Fahad, Rahman"]
[Black "Pantsulaia, Levan"]
[Result "0-1"]
[ECO "A40"]
[WhiteElo "2380"]
[BlackElo "2597"]
[Annotator "TA"]
[PlyCount "68"]
[EventDate "2022.11.30"]
[EventType "team-tourn"]
[EventCountry "BAN"]
[SourceTitle "playchess.com"]
[Source "ChessBase"]
[SourceQuality "1"]
[TimeControl "40/5400+30:1800+30"]

1. d4 c5 2. d5 g6 3. c4 Bg7 4. e4 d6 5. Nf3 e6 6. h3 {[%emt 0:01:03] A40: Unusual replies to 1 d4.} Ne7 7. Bd3 {[%emt 0:02:22] [#]} Nd7 $146 ({Predecessor:} 7... h6 8. Nc3 a6 9. a4 Nd7 10. Bf4 e5 11. Bd2 f5 12. Qc2 Nf6 13. Nh4 f4 {1-0 (48) Vitiugov,N (2738)-Riazantsev,A (2684) Wroclaw 2014}) 8. O-O {[%emt 0:01:25] White is slightly better.} h6 9. Nc3 Bxc3 10. bxc3 e5 $1 11. Ne1 g5 {[%emt 0:01:01] Inhibits f4.} 12. g3 Ng6 13. Ng2 (13. Nc2 $16) 13... Nf6 $11 14. g4 $2 {[%emt 0:05:19] [#] Black converts the advantage convincingly.} (14. Kh2 $11) 14... Nf4 $1 $19 15. Bxf4 exf4 16. Qa4+ (16. e5 $142 dxe5 17. Re1) 16... Kf8 17. f3 h5 18. Be2 $2 (18. Qc2 {is a better defense.} Nd7 19. Kf2) 18... hxg4 {[%emt 0:06:11] Black is clearly winning.} 19. hxg4 Rh3 {[%emt 0:03:45] Hoping for ...Kg7.} 20. Rae1 Kg7 21. e5 dxe5 22. Bd1 Qd6 23. Qc2 Bd7 {[%emt 0:00:37][%cal Oe5e4] [#] Strongly threatening ...e4!} 24. Qb1 Rah8 25. Kf2 e4 26. Rxe4 Nxe4+ 27. Qxe4 Re8 28. Qc2 Rh2 (28... Qh6 $142 29. Rg1 Rh2) 29. Rg1 Qh6 30. Kf1 Qh3 31. Qf2 b6 {[%emt 0:02:03] ( -> ...f5)} 32. Be2 f5 33. Ke1 fxg4 34. Kd2 gxf3 {[%emt 0:01:48] Weighted Error Value: White=1.39/Black=0.55} 0-1

[Event "Bangabandhu Premier Div League 2022"]
[Site "Dhaka"]
[Date "2022.12.04"]
[Round "5.7"]
[White "Rakhmanov, Aleksandr"]
[Black "Narayanan.S.L"]
[Result "1-0"]
[ECO "E50"]
[WhiteElo "2630"]
[BlackElo "2673"]
[Annotator "TA"]
[PlyCount "85"]
[EventDate "2022.11.30"]
[EventType "team-tourn"]
[EventCountry "BAN"]
[SourceTitle "playchess.com"]
[Source "ChessBase"]
[SourceQuality "1"]
[TimeControl "40/5400+30:1800+30"]

1. d4 Nf6 2. c4 e6 3. Nc3 Bb4 4. e3 O-O 5. Nf3 Bxc3+ 6. bxc3 {[%emt 0:00:06] E50: Nimzo-Indian: Rubinstein: 4...0-0 5 Nf3.} d6 7. Bd3 e5 {[%emt 0:00:19] Hoping for ...e4. outshines the older 7...Nbd7.} 8. e4 {[%emt 0:01:48] The position is equal.} Re8 9. O-O Bg4 10. h3 Bh5 11. Re1 Nbd7 12. g4 Bg6 13. Bg5 {[%emt 0:03:30][%cal Bc1g5,Bg5h4,Bh4g3][%mdl 32] [#]} h6 $146 ({Predecessor:} 13... Nf8 14. d5 h6 15. Bh4 Bh7 16. Qc1 Ng6 17. Bg3 Nd7 18. h4 Nc5 19. Bc2 Qc8 {0-1 (53) Pechac,J (2598)-Krzyzanowski,M (2535) Prague 2022}) 14. Bh4 Qc8 15. Qc2 c6 16. Nd2 Nh7 17. Bg3 Ng5 18. Kg2 Ne6 19. Nf3 Qd8 20. Rad1 (20. dxe5 Nxe5 21. Nxe5 dxe5 $15) 20... h5 {[%emt 0:06:43] Prevents c5.} (20... Qa5 $11) 21. c5 $1 $16 (21. dxe5 Nxe5 22. Qe2 hxg4 23. hxg4 Qa5 $15) 21... dxc5 22. dxe5 {[%emt 0:00:49] White is more active.} b5 {[%emt 0:00:11] Prevents Bc4.} 23. Qd2 (23. Qc1 $16) 23... c4 ({Black should play} 23... Qa5 $14) 24. Bb1 Ndc5 25. Qe3 Qa5 (25... Qb6 $16) 26. Nd4 $18 Na4 27. Rc1 ({Don't take} 27. Nxc6 $6 Qxc3 28. f4 h4 $16) 27... Qb6 {[%emt 0:05:43] [#]} 28. f4 $1 Nxc3 (28... Rad8 {was worth a try.}) 29. Nxe6 Nxb1 $2 {[%emt 0:00:10] [#]} (29... Nxa2 30. Rcd1 fxe6) 30. Nc5 $1 Nd2 31. f5 Bh7 32. gxh5 {[%emt 0:01:45][%cal Bg4h5,Bh5h6,Bh6g7][%mdl 32] Bf2 is the strong threat.} ({Weaker is} 32. Qxd2 Qxc5 33. gxh5 Rad8 $14) 32... c3 (32... Rad8 {was necessary.} 33. Bh4 Rxe5) 33. h6 {[%emt 0:03:38][%cal Oe3g5] Threatens to win with Qg5!} ({Much less strong is} 33. Qxc3 Nc4 $18) 33... Qd8 {[%emt 0:01:44] Inhibits Qg5.} (33... Nxe4 {might work better.} 34. Nxe4 Qxe3 35. Rxe3 Bxf5) 34. Qxc3 {[%emt 0:05:04] White is clearly winning.} Qg5 35. hxg7 Rad8 36. Rcd1 a5 37. h4 Qh6 38. Qc1 Kxg7 39. e6 fxe6 40. Qc3+ Kg8 41. Nxe6 {[%emt 0:02:23] Black must now prevent Bf4.} b4 42. Qxc6 Qh5 43. Nxd8 {[%emt 0:03:37] Weighted Error Value: White=0.10 (very precise) /Black=0.41} 1-0

[Event "Bangabandhu Premier Div League 2022"]
[Site "Dhaka"]
[Date "2022.12.04"]
[Round "5.7"]
[White "Abdul, Momin"]
[Black "Rahman, Syed Mahfuzur"]
[Result "0-1"]
[ECO "B33"]
[WhiteElo "1900"]
[BlackElo "2130"]
[Annotator "TA"]
[PlyCount "75"]
[EventDate "2022.12.01"]
[EventCountry "BAN"]
[SourceTitle "playchess.com"]
[Source "ChessBase"]
[SourceQuality "1"]
[TimeControl "40/5400+30:1800+30"]

1. e4 c5 2. Nf3 Nc6 3. d4 cxd4 4. Nxd4 Nf6 5. Nc3 e5 6. Ndb5 d6 7. Bg5 a6 8. Na3 b5 9. Nd5 Be7 10. Nxe7 Nxe7 11. Bxf6 gxf6 12. c3 f5 13. exf5 Bxf5 14. Nc2 {[%emt 0:01:00] B33: Sicilian: Pelikan and Sveshnikov Variations.} Qb6 {[%emt 0:01:00] [#]} 15. Qf3 $146 (15. Ne3 $14 Qc6 16. Bd3 Bxd3 17. Qxd3) ({Predecessor:} 15. Ne3 Be4 16. Bd3 Bg6 {½-½ (16) Barcsi,J (2126)-Toth,D (2131) Hungary 2003}) 15... d5 $11 16. Ne3 {[%emt 0:00:30] The position is equal.} Be4 17. Qh5 Qe6 {[%emt 0:00:00] Black wants to play ...0-0-0.} (17... Ng6 $5 18. O-O-O O-O-O $17) 18. a4 (18. Be2 $11) 18... d4 $17 19. Nd1 {[%emt 0:00:30] Black keeps a firm grip on the game.} (19. Qh4 $15 f5 20. f3) 19... b4 (19... Rd8 $19 {is more deadly. And now ...d3 would win.} 20. Qe2 (20. axb5 $2 {loses.} d3 $19) 20... Bg6) 20. cxb4 (20. Qe2 $17 Bd5 21. cxd4 exd4 22. f3) 20... Qd6 (20... Rg8 $19 {Threatens to win with ...Nd5.} 21. b5 d3) 21. f3 (21. Qe2 $17 Qxb4+ 22. Qd2 Qxd2+ 23. Kxd2) 21... Qxb4+ $19 22. Kf2 Qd2+ 23. Be2 $2 (23. Kg1 Bf5 24. Qh4) 23... Bf5 24. g4 d3 25. Re1 dxe2 {[%emt 0:00:00] Really sharp!} 26. Rxe2 (26. Ne3 {was forced.} Be6 27. Qxe5) 26... Qd4+ 27. Ne3 Bd3 28. Rd2 Rd8 ({Weaker is} 28... Nd5 29. Rxd3 Qxb2+ 30. Kg3 $11) (28... Rb8 $142 29. Rxd3 Qxd3 30. Qxe5 Qd2+ 31. Kg3 Qxb2 32. Qxb2 Rxb2) 29. Rad1 e4 30. fxe4 Qxe4 {[%emt 0:00:30] [#] aiming for ...Qf4+.} 31. Qh6 {[%emt 0:01:00] Inhibits Qf4+.} (31. Qc5 $142) 31... Rg8 {[%emt 0:00:30][%cal Bh8g8,Bg8g6,Bg6d6,Bd6d7,Bd7d4][%mdl 32] Strongly threatening ...Rg6.} ({Don't go for} 31... Rd4 $2 32. Ng2 $19) 32. Qh3 Rg6 {Hoping for ...Rf6+.} 33. Qf3 {[%emt 0:01:00] Prevents Rf6.} Qxf3+ 34. Kxf3 Rgd6 {[%emt 0:01:30][%cal Od3e4] [#] ...Be4+! is the strong threat.} 35. Kf2 R6d7 36. Re1 Kf8 37. h4 Rd4 38. Red1 {[%emt 0:01:30] Weighted Error Value: White=0.61/Black=0.38} 0-1

[Event "Bangabandhu Premier Div League 2022"]
[Site "Dhaka"]
[Date "2022.12.04"]
[Round "5.8"]
[White "Idani, Pouya"]
[Black "Zia, Tahsin Tajwar"]
[Result "1-0"]
[ECO "B13"]
[WhiteElo "2631"]
[BlackElo "2241"]
[Annotator "TA"]
[PlyCount "65"]
[EventDate "2022.11.30"]
[EventType "team-tourn"]
[EventCountry "BAN"]
[SourceTitle "playchess.com"]
[Source "ChessBase"]
[SourceQuality "1"]
[TimeControl "40/5400+30:1800+30"]

1. e4 c6 2. d4 d5 3. exd5 cxd5 4. Bd3 Nc6 5. c3 Nf6 6. Bf4 Bg4 7. Qb3 Qd7 8. Nd2 e6 9. Ngf3 Bd6 10. Bxd6 Qxd6 11. O-O O-O 12. Rfe1 Bxf3 13. Nxf3 Qc7 {[%emt 0:00:13] now scores much better than the old 13...Rab8. B13: Caro-Kann: Exchange Variation and Panov-Botvinnik Attack.} 14. Qd1 $5 {[%emt 0:02:28][%mdl 4] Exploring less charted territory.} Rab8 15. Qe2 a6 {[%emt 0:01:37] The position is equal.} 16. g3 {[%emt 0:01:00] [#]} b5 $146 ({Predecessor:} 16... Rfd8 17. h4 Rbc8 18. a4 Re8 19. Kg2 h6 20. Qe3 Ng4 21. Qd2 Na5 22. Qc2 Nc4 {½-½ (63) Kuhn,C (2155)-Thomas,T (2121) ICCF email 2019}) 17. b4 Ne7 18. Rec1 Nc8 19. Nd2 Nd6 20. Nb3 Nd7 21. a4 Nc4 22. Nc5 Nxc5 23. dxc5 ({Don't do} 23. bxc5 e5 $14) 23... e5 (23... Rfd8 $16) 24. axb5 $40 {[%emt 0:00:00][%mdl 128] White has strong attack.} axb5 25. Bxc4 bxc4 26. Ra6 {[%emt 0:00:00][%cal Ba1a6,Ba6a7,Ba7a8][%mdl 32] Black must now prevent Rd6.} Rfd8 {[%emt 0:00:00] Against Rd6} 27. Rca1 e4 28. Qe3 d4 $2 {[%emt 0:00:00] [#]} (28... h5 29. c6 Re8) 29. Qxe4 {[%emt 0:00:00] White is clearly winning.} dxc3 30. Ra7 Qc8 31. Qxc4 Qf5 32. Qxc3 Rd3 {[%emt 0:00:00] [#]} 33. Ra8 $1 {[%emt 0:00:00] Weighted Error Value: White=0.06 (flawless) /Black=0.45} 1-0